 Dungeon Crawl Stone Soup version 0.22-a0-223-g0f5d773 (webtiles) character file.

562 sankara the Ruffian (level 7, -4/66 HPs)
             Began as a Troll Hunter on Feb 18, 2018.
             Slain by a two-headed ogre
             ... wielding a +0 dire flail
              (10 damage)
             ... on level 4 of the Dungeon.
             The game lasted 00:17:01 (3715 turns).

sankara the Ruffian (Troll Hunter)                  Turns: 3715, Time: 00:17:01

Health: -4/66      AC:  5    Str: 23    XL:     7   Next: 10%
Magic:  6/6        EV: 25    Int:  7    God:
Gold:   209        SH:  0    Dex: 10    Spells: 1/6 levels left

rFire    . . .     SeeInvis .     - Unarmed
rCold    . . .     Gourm    +   (no shield)
rNeg     . . .     Faith    .   a - +0 robe
rPois    .         Spirit   .   (helmet restricted)
rElec    .         Reflect  .   (no cloak)
rCorr    .         Harm     .   (gloves unavailable)
MR       .....                  (boots unavailable)
Stlth    +.........             i - amulet of the acrobat
HPRegen  0.61/turn              (no ring)
MPRegen  0.10/turn              (no ring)

@: no status effects
A: large, unfitting armour, claws 3, fast metabolism 3, gourmand, regeneration
1, shaggy fur 1, tough skin 2
a: no special abilities


You were on level 4 of the Dungeon.
You were not hungry.

You visited 1 branch of the dungeon, and saw 4 of its levels.

You collected 209 gold pieces.

Inventory:

Hand Weapons
 b - a +0 hunting sling
   (You took it off a goblin on level 3 of the Dungeon)
 m - a +0 hand crossbow
   (You took it off a kobold on level 2 of the Dungeon)
 o - a +2 dagger of venom
   (You took it off a kobold on level 2 of the Dungeon)
Missiles
 c - 5 large rocks (quivered) {!d}
 d - 2 throwing nets {=f, !d}
 x - 9 stones
Armour
 a - a +0 robe (worn)
Jewellery
 i - an amulet of the acrobat (around neck)
   (You found it on level 1 of the Dungeon)
 p - an uncursed amulet of the gourmand {unknown}
   (You found it on level 2 of the Dungeon)
 D - a cursed -4 ring of evasion {unknown}
   (You found it on level 4 of the Dungeon)
Scrolls
 g - 3 scrolls of fog {unknown}
 h - 4 scrolls of amnesia {unknown}
 k - a scroll of magic mapping {unknown}
 l - a scroll of identify {unknown}
 n - a scroll of noise {unknown}
 q - 2 scrolls of remove curse {unknown}
 r - 2 scrolls of teleportation {unknown}
 t - a scroll of enchant armour {unknown}
 w - a scroll of fear {unknown}
 y - 2 scrolls of enchant weapon {unknown}
 C - a scroll of random uselessness {unknown}
Potions
 e - 2 potions of heal wounds {unknown}
 j - a potion of brilliance {unknown}
 s - a potion of degeneration {unknown}
 u - 3 potions of curing {unknown}
 v - a potion of magic {unknown}
 z - a potion of invisibility {unknown}
 A - a potion of haste {unknown}
 B - a potion of mutation {unknown}
Comestibles
 f - 11 rations


   Skills:
 + Level 2.5 Fighting
 + Level 5.1 Throwing
 + Level 2.3 Dodging
 - Level 0.5 Stealth
 * Level 5.2 Unarmed Combat


You had one spell level left.
You knew the following spells:

 Your Spells              Type           Power        Failure   Level  Hunger
a - Borgnjor's Vile Clut  Necr/Erth      #.........   100%        5    ######.


Dungeon Overview and Level Annotations

Branches:
Dungeon (4/15)
 Temple: D:4-7

Altars:
Fedhas
Kikubaaqudgha
Sif Muna
Wu Jian


Innate Abilities, Weirdness & Mutations

You are too large for most types of armour.
You have claws for hands.
Your metabolism is lightning-fast.
You like to eat raw meat.
Your natural rate of healing is unusually fast.
You are covered in fur. (AC +1)
You have very tough skin. (AC +2)


Message History

Your Unarmed Combat skill increases to level 5!
You have reached level 7!
Things that are here:
a rapier; a leather armour; the human corpse of Eustachio You butcher the human corpse of Eustachio.
E - a chunk of flesh {@w0}
Things that are here:
a rapier; a leather armour; the human skeleton of Eustachio Eating a chunk of flesh {@w0}.
You eat the chunk of flesh {@w0}.
This raw flesh tastes great.
f - 11 rations (gained 1)
x - 9 stones (gained 1) Key pressed, stopping explore.
u - 3 grey potions (gained 1)
You open the door.
There is an open door here.
You open the door.
Found a deep blue altar of Sif Muna.
There is an open door here.
You open the door.
A two-headed ogre comes into view.
It is wielding a dire flail and a giant spiked club.
Found an ancient bone altar of Kikubaaqudgha.
You mangle the two-headed ogre!!
The two-headed ogre is moderately wounded.
The two-headed ogre closely misses you.
The two-headed ogre hits you with a giant spiked club.
You claw the two-headed ogre!
The two-headed ogre is severely wounded.
The two-headed ogre barely misses you.
The two-headed ogre hits you with a giant spiked club!
You are too injured to fight recklessly!
You are too injured to fight recklessly!
You scratch the two-headed ogre.
The two-headed ogre is severely wounded.
You claw the two-headed ogre!
The two-headed ogre is almost dead.
The two-headed ogre hits you with a dire flail!!
The two-headed ogre hits you with a giant spiked club!
* * * LOW HITPOINT WARNING * * *
There is an open door here.
There is a stone staircase leading up here.
There is a stone staircase leading up here.
Throwing (i - inventory. (/) - cycle)
c - 7 large rocks (quivered)
{!d}
Press: ? - help, Shift-Dir - straight line, f - two-headed ogre
Aim: a two-headed ogre, wielding a dire flail and a giant spiked club (almost dead)
You throw a large rock {!d}.
The large rock {!d} barely misses the two-headed ogre.
The two-headed ogre closely misses you. x2
There is an open door here.
There is an open door here.
There is a stone staircase leading up here.
You see here a large rock {!d}.
You see here a large rock {!d}.
You see here a large rock {!d}.
You see here a large rock {!d}.
The two-headed ogre completely misses you.
The two-headed ogre barely misses you.
You see here a large rock {!d}.
You see here a large rock {!d}.
You scratch the two-headed ogre.
The two-headed ogre is moderately wounded.
You scratch the two-headed ogre but do no damage.
The two-headed ogre is moderately wounded.
The two-headed ogre hits you with a dire flail!
The two-headed ogre hits you with a giant spiked club!
You see here a large rock {!d}.
You see here a large rock {!d}.
Throwing (i - inventory. (/) - cycle)
c - 6 large rocks (quivered)
{!d}
Press: ? - help, Shift-Dir - straight line, f/p - two-headed ogre
Aim: a two-headed ogre, wielding a dire flail and a giant spiked club (moderately wounded)
You throw a large rock {!d}.
The large rock {!d} hits the two-headed ogre!!
The two-headed ogre is almost dead.
The two-headed ogre hits you with a dire flail!
The two-headed ogre hits you with a giant spiked club!
* * * LOW HITPOINT WARNING * * *
The two-headed ogre closely misses you.
The two-headed ogre hits you with a giant spiked club!
* * * LOW HITPOINT WARNING * * *
You see here 2 large rocks {!d}.
You see here 2 large rocks {!d}.
You see here a robe.
You scratch the two-headed ogre.
The two-headed ogre is moderately wounded.
The two-headed ogre closely misses you.
The two-headed ogre hits you with a giant spiked club!!
You scratch the two-headed ogre.
The two-headed ogre is moderately wounded.
You scratch the two-headed ogre.
The two-headed ogre is heavily wounded.
The two-headed ogre hits you with a dire flail!
The two-headed ogre barely misses you.
You scratch the two-headed ogre.
The two-headed ogre is heavily wounded.
The two-headed ogre hits you with a dire flail!!
* * * LOW HITPOINT WARNING * * *
The two-headed ogre barely misses you. The two-headed ogre closely misses you.
The two-headed ogre hits you with a giant spiked club!
You die...

#..####.# #...#.#.#
##.#.#.#.## .........>#
.....#.#..####
.............#
####.........#
.............###########
####............@..#...#
#..###.#######O#..#.#
#.......# #...##.##
####..#.#..## ##..##...#
......#.#...####.<####'##
###...#.......[..##.#...#
......#.#.......##_.'.8.+
###.#.#.##..##(..##.#...#
.......####.##.#.#####'##


You could see a two-headed ogre.

Vanquished Creatures
  Eustachio (D:4)
  3 jellies (D:2)
  An orc priest (D:3)
  An iguana (D:4)
  2 worker ants (D:4)
  3 gnolls
  7 adders
  10 oozes
  2 adder skeletons (D:4)
  3 worms (D:2)
  3 dart slugs
  5 leopard geckos
  3 orcs (D:3)
  A ball python (D:3)
  4 bats
  2 giant cockroaches (D:3)
  8 goblins
  3 hobgoblins
  4 jackals (D:2)
  8 kobolds
  A quokka (D:4)
  3 frilled lizards
  A quokka skeleton (D:4)
  5 rats
84 creatures vanquished.

Vanquished Creatures (others)
  11 toadstools (D:2)
11 creatures vanquished.

Grand Total: 95 creatures vanquished

Notes
Turn   | Place    | Note
-------+----------+-------------------------------------------
     0 | D:1      | sankara the Troll Hunter began the quest for the Orb.
     0 | D:1      | Reached XP level 1. HP: 19/19 MP: 0/0
   353 | D:1      | Reached skill level 4 in Throwing
   353 | D:1      | Reached XP level 2. HP: 28/28 MP: 1/1
   706 | D:2      | Reached XP level 3. HP: 27/35 MP: 2/2
   833 | D:2      | Reached skill level 1 in Unarmed Combat
  1012 | D:1      | HP: 3/35 [gnoll/mace (9)]
  1018 | D:1      | HP: 3/35 [gnoll/mace (4)]
  1087 | D:2      | Reached XP level 4. HP: 31/42 MP: 3/3
  1124 | D:2      | Reached skill level 2 in Unarmed Combat
  1910 | D:2      | Reached skill level 3 in Unarmed Combat
  1910 | D:2      | Reached XP level 5. HP: 45/49 MP: 4/4
  1940 | D:2      | Reached skill level 4 in Unarmed Combat
  1946 | D:2      | Reached skill level 2 in Fighting
  2247 | D:3      | Reached XP level 6. HP: 54/57 MP: 5/5
  2967 | D:4      | Reached skill level 2 in Dodging
  3087 | D:4      | Identified the Catalogue of Shifting Earth
  3095 | D:4      | Learned a level 5 spell: Borgnjor's Vile Clutch
  3125 | D:4      | Noticed Eustachio
  3404 | D:4      | Found a blossoming altar of Fedhas.
  3404 | D:4      | Found an ornate altar of the Wu Jian Council.
  3423 | D:4      | Killed Eustachio
  3423 | D:4      | Reached skill level 5 in Throwing
  3423 | D:4      | Reached skill level 5 in Unarmed Combat
  3423 | D:4      | Reached XP level 7. HP: 57/66 MP: 6/6
  3511 | D:4      | Found a deep blue altar of Sif Muna.
  3514 | D:4      | Found an ancient bone altar of Kikubaaqudgha.
  3514 | D:4      | Noticed a two-headed ogre
  3518 | D:4      | HP: 7/66 [two-headed ogre/dire flail (17)]
  3629 | D:4      | HP: 10/66 [two-headed ogre/dire flail (8)]
  3714 | D:4      | HP: 6/66 [two-headed ogre/dire flail (22)]
  3715 | D:4      | Slain by a two-headed ogre

Vault maps used:
D:1:      tarquinn_simple_flora_water_a
D:2:      cheibrodos_fertilizer, minmay_domino_4
D:4:      grunt_temple_overflow_diamond, gammafunk_temple_overflow_elements,
          first_ration, uniq_eustachio

Skill      XL: |  1  2  3  4  5  6 |
---------------+-------------------+-----
Throwing       | 4 5 |  5.1
Unarmed Combat | 1 3 4 5 |  5.2
Fighting       | 2 |  2.5
Dodging        | 2 |  2.3
Stealth        | |  0.5

Action                   |  1- 3 |  4- 6 |  7- 9 || total
-------------------------+-------+-------+-------++-------
Melee: Unarmed           |    58 |   213 |    10 ||   281
       Punch             |       |     2 |       ||     2
 Fire: Hunting sling     |       |    39 |       ||    39
Throw: Large rock        |     3 |       |     2 ||     5
 Stab: Sleeping          |     1 |       |       ||     1
  Eat: Chunk             |     5 |    28 |     1 ||    34
Armor: Robe              |    14 |    78 |       ||    92
Dodge: Dodged            |    29 |   127 |    11 ||   167

Table legend:
 A = Spawn XP
 B = Non-spawn XP
 C = Spawn XP percentage of total XP
 D = Spawn monster count
 E = Non-spawn monster count
 F = Spawn count percentage of total count
 G = Total turns spent on level
                    A         B        C        D         E        F      G
               +---------+---------+-------+---------+---------+-------+---------
         Total |       0 |     803 |   0.0 |       0 |      84 |   0.0 |  3715
               +---------+---------+-------+---------+---------+-------+---------
           D:1 |       0 |      37 |   0.0 |       0 |       8 |   0.0 |   756
           D:2 |       0 |     325 |   0.0 |       0 |      41 |   0.0 |  1260
           D:3 |       0 |     109 |   0.0 |       0 |      24 |   0.0 |   831
           D:4 |       0 |     332 |   0.0 |       0 |      11 |   0.0 |   868
               +---------+---------+-------+---------+---------+-------+---------

Vault maps used:
D:1:      tarquinn_simple_flora_water_a
D:2:      cheibrodos_fertilizer, minmay_domino_4
D:4:      grunt_temple_overflow_diamond, gammafunk_temple_overflow_elements,
          first_ration, uniq_eustachio

Table legend:
 A = Turns spent in this place as a percentage of turns spent in the entire game.
 B = Non-inter-level travel turns spent in this place as a percentage of non-inter-level travel turns spent in the entire game.
 C = Inter-level travel turns spent in this place as a percentage of turns spent in this place.
 D = Turns resting spent in this place as a percentage of non-inter-level travel turns spent in this place.
 E = Turns spent auto-exploring this place as a percentage of non-inter-level travel turns spent in this place.
 F = Non-inter-level travel turns spent in this place divided by the number of levels of this place that you've seen.
                   A       B       C       D       E      F
               +-------+-------+-------+-------+-------+----------------------
         Total | 100.0 | 100.0 |   3.0 |   3.5 |  68.6 | 900.8
       Dungeon | 100.0 | 100.0 |   3.0 |   3.5 |  68.6 | 900.8
               +-------+-------+-------+-------+-------+----------------------

Table legend:
 A = Kills in this place as a percentage of kills in entire the game.
 B = Kills by you in this place as a percentage of kills by you in the entire game.
 C = Kills by friends in this place as a percentage of kills by friends in the entire game.
 D = Other kills in this place as a percentage of other kills in the entire game.
 E = Experience gained in this place as a percentage of experience gained in the entire game.
 F = Experience gained in this place divided by the number of levels of this place that you have seen.
                   A       B       C       D       E      F
               +-------+-------+-------+-------+-------+----------------------
         Total | 100.0 | 100.0 |   N/A |   N/A | 100.0 | 200.8
       Dungeon | 100.0 | 100.0 |   N/A |   N/A | 100.0 | 200.8
               +-------+-------+-------+-------+-------+----------------------
